[ AOE2 MATCH · #458290071 ]
UnrankedBritons vs Saracens
[ REPLAY ANALYSIS · EXTRACTED FROM THE RECORDED GAME ]
Feudal
12:25
Castle
19:15
Imperial
31:52
| APM avg | 20.0 |
| APM peak | 58 |
| eAPM avg | 11.7 |
| Villagers / military | 85 / 110 |
Focus
⚔️ 21.5% · 🌾 78.5%
Skirmisher ×81 · Longbowman ×21 · Archer ×5 · Trebuchet (Packed) ×2 · Monk ×1
Feudal
11:55
Castle
17:58
Imperial
28:51
| APM avg | 26.2 |
| APM peak | 86 |
| eAPM avg | 13.6 |
| Villagers / military | 82 / 49 |
Focus
⚔️ 26.9% · 🌾 73.1%
Spearman ×25 · Bombard Cannon ×7 · Hand Cannoneer ×7 · Hussite Wagon ×5 · Monk ×2 · Mangonel ×2
Feudal
11:33
Castle
15:32
Imperial
27:10
| APM avg | 25.9 |
| APM peak | 58 |
| eAPM avg | 18.2 |
| Villagers / military | 157 / 53 |
Focus
⚔️ 21.8% · 🌾 78.2%
Mameluke ×33 · Bombard Cannon ×7 · Monk ×6 · Trebuchet (Packed) ×5 · Petard ×2
Feudal
13:41
Castle
20:16
Imperial
34:58
| APM avg | 16.2 |
| APM peak | 54 |
| eAPM avg | 13.8 |
| Villagers / military | 111 / 141 |
Focus
⚔️ 35.6% · 🌾 64.4%
Knight ×69 · Skirmisher ×34 · Spearman ×26 · Battering Ram ×6 · Throwing Axeman ×5 · Trebuchet (Packed) ×1
Feudal
12:00
Castle
16:13
Imperial
37:06
| APM avg | 14.3 |
| APM peak | 45 |
| eAPM avg | 11.1 |
| Villagers / military | 111 / 66 |
Focus
⚔️ 17.4% · 🌾 82.6%
Scorpion ×46 · Battle Elephant ×19 · Monk ×1
Feudal
10:56
Castle
15:17
Imperial
29:09
| APM avg | 37.3 |
| APM peak | 73 |
| eAPM avg | 21.2 |
| Villagers / military | 162 / 49 |
Focus
⚔️ 21.4% · 🌾 78.6%
Genoese Crossbowman ×37 · Bombard Cannon ×8 · Trebuchet (Packed) ×4
Feudal
11:39
Castle
18:21
Imperial
—
| APM avg | 17.9 |
| APM peak | 72 |
| eAPM avg | 11.1 |
| Villagers / military | 104 / 75 |
Focus
⚔️ 29.1% · 🌾 70.9%
Skirmisher ×21 · Knight ×17 · Scorpion ×11 · Scout Cavalry ×9 · Teutonic Knight ×8 · Petard ×4
Feudal
11:53
Castle
17:53
Imperial
32:17
| APM avg | 24.4 |
| APM peak | 66 |
| eAPM avg | 15.7 |
| Villagers / military | 153 / 140 |
Focus
⚔️ 20.0% · 🌾 80.0%
Huskarl ×108 · Spearman ×32 · Unknown (882) ×27
Match map
Initial resources + every placement click. Lines = walls · curves = elevation contours. ◆ gold · ⬟ stone · ● berries · ✦ relic · ◌ wall gap
Your base· ✓ Closed at 19:15 · 0t walls · 2 gate(s)
Steve the Thief's base· ✓ Closed at 17:58 · 19t walls · 2 gate(s)
campostorresjuandavid0's base· ✓ Closed at 15:32 · 0t walls · 3 gate(s)
La Pieza Geek's base· ✓ Closed at 20:16 · 0t walls · 2 gate(s)
Mnsterf's base· ✓ Closed at 16:13 · 0t walls · 3 gate(s)
jaiderreyes4's base· ✓ Closed at 15:17 · 0t walls · 2 gate(s)
Boris the Beast's base· ✓ Closed at 18:21 · 1t walls · 3 gate(s)
JLGerena's base· ✓ Closed at 17:53 · 0t walls · 3 gate(s)
Smoothed initial terrain · ◌ = detected wall gap · hover for details
Inputs per minute
— Roger the Legend - - Steve the Thief
Build order — Roger the Legend
First 150 of 212 actions detected
| 0:13 | Build | House |
| 0:16 | Build | House |
| 0:24 | Create | Villager (Male) |
| 0:25 | Create | Villager (Male) |
| 0:25 | Create | Villager (Male) |
| 0:25 | Create | Villager (Male) |
| 0:26 | Research | Loom |
| 1:55 | Create | Villager (Male) |
| 2:29 | Create | Villager (Male) |
| 2:29 | Create | Villager (Male) |
| 2:56 | Create | Villager (Male) |
| 3:19 | Build | Lumber Camp |
| 3:40 | Create | Villager (Male) |
| 3:40 | Create | Villager (Male) |
| 4:01 | Create | Villager (Male) |
| 4:01 | Create | Villager (Male) |
| 4:19 | Create | Villager (Male) |
| 4:19 | Create | Villager (Male) |
| 4:50 | Build | House |
| 5:27 | Build | House |
| 5:29 | Create | Villager (Male) |
| 5:29 | Create | Villager (Male) |
| 5:47 | Build | Mill |
| 6:45 | Create | Villager (Male) |
| 6:45 | Create | Villager (Male) |
| 6:45 | Create | Villager (Male) |
| 8:09 | Create | Villager (Male) |
| 8:09 | Create | Villager (Male) |
| 8:23 | Build | Mining Camp |
| 9:17 | Build | Farm |
| 9:22 | Build | Farm |
| 9:28 | Build | Farm |
| 9:38 | Build | Farm |
| 10:01 | Build | Farm |
| 10:02 | Build | Farm |
| 10:15 | Research | Feudal Age |
| 10:47 | Build | Farm |
| 11:00 | Build | Farm |
| 11:06 | Create | Villager (Male) |
| 11:06 | Create | Villager (Male) |
| 11:06 | Create | Villager (Male) |
| 11:07 | Create | Villager (Male) |
| 11:21 | Build | House |
| 11:28 | Build | Mining Camp |
| 12:25 | Age | Feudal Age |
| 12:34 | Research | Double-Bit Axe |
| 12:37 | Research | Horse Collar |
| 13:02 | Create | Villager (Male) |
| 13:02 | Create | Villager (Male) |
| 13:03 | Create | Villager (Male) |
| 13:48 | Build | Blacksmith |
| 13:56 | Research | Wheelbarrow |
| 14:41 | Build | Market |
| 14:56 | Build | Barracks |
| 15:04 | Build | Farm |
| 15:14 | Build | House |
| 16:30 | Research | Castle Age |
| 16:50 | Build | Archery Range |
| 17:05 | Build | House |
| 17:07 | Build | House |
| 17:08 | Build | House |
| 17:14 | Create | Villager (Male) |
| 17:14 | Create | Villager (Male) |
| 17:14 | Create | Villager (Male) |
| 17:15 | Create | Villager (Male) |
| 17:15 | Create | Villager (Male) |
| 17:48 | Create | Archer |
| 18:28 | Create | Archer |
| 18:46 | Build | House |
| 18:46 | Build | House |
| 19:02 | Research | Padded Archer Armor |
| 19:06 | Create | Archer |
| 19:15 | Age | Castle Age |
| 19:19 | Create | Villager (Male) |
| 19:19 | Create | Villager (Male) |
| 19:26 | Research | Heavy Plow |
| 19:30 | Research | Bow Saw |
| 19:53 | Build | Farm |
| 20:20 | Build | Town Center |
| 20:32 | Create | Villager (Male) |
| 20:32 | Create | Villager (Male) |
| 20:59 | Build | Farm |
| 21:11 | Research | Crossbowman (upgrade) |
| 22:10 | Create | Archer |
| 22:10 | Create | Archer |
| 22:22 | Create | Villager (Male) |
| 22:22 | Create | Villager (Male) |
| 22:50 | Build | Monastery |
| 23:15 | Research | Fletching |
| 23:46 | Create | Monk |
| 24:11 | Create | Villager (Male) |
| 24:11 | Create | Villager (Male) |
| 24:11 | Create | Villager (Male) |
| 24:12 | Create | Villager (Male) |
| 24:12 | Create | Villager (Male) |
| 24:12 | Create | Villager (Male) |
| 24:13 | Create | Villager (Male) |
| 24:17 | Build | Farm |
| 24:24 | Build | Town Center |
| 24:35 | Build | University |
| 25:56 | Research | Ballistics |
| 27:14 | Build | Farm |
| 27:16 | Build | Farm |
| 27:18 | Build | Farm |
| 27:19 | Build | Farm |
| 27:20 | Build | Farm |
| 27:47 | Build | Farm |
| 28:13 | Build | Farm |
| 28:13 | Build | Farm |
| 28:42 | Research | Imperial Age |
| 30:14 | Build | Castle |
| 31:52 | Age | Imperial Age |
| 31:55 | Create | Trebuchet (Packed) |
| 32:08 | Create | Villager (Male) |
| 32:09 | Create | Villager (Male) |
| 32:09 | Create | Villager (Male) |
| 32:09 | Create | Villager (Male) |
| 32:09 | Create | Villager (Male) |
| 32:10 | Create | Villager (Male) |
| 32:10 | Create | Villager (Male) |
| 32:10 | Create | Villager (Male) |
| 32:13 | Create | Villager (Male) |
| 32:13 | Create | Villager (Male) |
| 32:13 | Create | Villager (Male) |
| 32:14 | Create | Villager (Male) |
| 32:14 | Create | Villager (Male) |
| 32:14 | Create | Villager (Male) |
| 32:14 | Create | Villager (Male) |
| 32:15 | Create | Villager (Male) |
| 32:19 | Create | Villager (Male) |
| 32:20 | Create | Villager (Male) |
| 32:20 | Create | Villager (Male) |
| 32:20 | Create | Villager (Male) |
| 32:20 | Create | Villager (Male) |
| 32:21 | Create | Villager (Male) |
| 32:21 | Create | Villager (Male) |
| 32:29 | Build | Lumber Camp |
| 32:39 | Build | Lumber Camp |
| 32:46 | Build | Mining Camp |
| 32:49 | Research | Chemistry |
| 33:07 | Build | Siege Workshop |
| 33:40 | Create | Trebuchet (Packed) |
| 34:58 | Research | Bodkin Arrow |
| 34:59 | Research | Leather Archer Armor |
| 35:26 | Research | Pikeman (upgrade) |
| 35:41 | Build | Siege Workshop |
| 35:54 | Create | Longbowman ×4 |
| 35:55 | Create | Longbowman ×4 |
| 36:11 | Create | Villager (Male) |
| 36:12 | Create | Villager (Male) |
Build order — Steve the Thief
First 150 of 259 actions detected
| 0:01 | Create | Villager (Male) |
| 0:01 | Create | Villager (Male) |
| 0:02 | Create | Villager (Male) |
| 0:02 | Build | House |
| 0:04 | Build | House |
| 0:36 | Create | Villager (Male) |
| 1:39 | Create | Villager (Male) |
| 2:40 | Build | Lumber Camp |
| 2:45 | Create | Villager (Male) |
| 2:45 | Create | Villager (Male) |
| 2:50 | Create | Villager (Male) |
| 2:50 | Create | Villager (Male) |
| 3:14 | Create | Villager (Male) |
| 3:43 | Create | Villager (Male) |
| 3:59 | Create | Villager (Male) |
| 4:31 | Create | Villager (Male) |
| 4:36 | Research | Loom |
| 4:36 | Create | Villager (Male) |
| 4:36 | Create | Villager (Male) |
| 4:37 | Create | Villager (Male) |
| 4:47 | Build | House |
| 5:10 | Create | Villager (Male) |
| 5:10 | Create | Villager (Male) |
| 5:15 | Create | Villager (Male) |
| 6:07 | Create | Villager (Male) |
| 6:26 | Create | Villager (Male) |
| 6:35 | Build | Mill |
| 6:53 | Create | Villager (Male) |
| 6:53 | Create | Villager (Male) |
| 6:53 | Create | Villager (Male) |
| 6:53 | Create | Villager (Male) |
| 7:27 | Create | Villager (Male) |
| 7:28 | Create | Villager (Male) |
| 7:28 | Create | Villager (Male) |
| 7:49 | Build | House |
| 8:10 | Build | Mill |
| 9:21 | Build | Mining Camp |
| 9:27 | Build | House |
| 9:28 | Build | House |
| 9:30 | Build | House |
| 9:35 | Research | Feudal Age |
| 9:52 | Create | Villager (Male) |
| 10:22 | Create | Villager (Male) |
| 11:39 | Build | Barracks |
| 11:55 | Age | Feudal Age |
| 12:01 | Create | Villager (Male) |
| 12:10 | Research | Double-Bit Axe |
| 12:42 | Build | Blacksmith |
| 12:54 | Create | Villager (Male) |
| 13:15 | Build | Farm |
| 13:21 | Create | Villager (Male) |
| 13:37 | Build | Farm |
| 13:58 | Create | Villager (Male) |
| 14:10 | Build | Lumber Camp |
| 14:33 | Create | Villager (Male) |
| 14:54 | Build | Market |
| 15:18 | Research | Castle Age |
| 15:18 | Research | Castle Age |
| 15:31 | Build | Lumber Camp |
| 15:37 | Build | Farm |
| 15:53 | Build | Mining Camp |
| 16:08 | Create | Spearman |
| 16:16 | Build | Watch Tower |
| 16:30 | Create | Spearman |
| 16:43 | Build | Stone Wall |
| 16:52 | Build | Stone Wall |
| 17:31 | Create | Villager (Male) |
| 17:32 | Create | Villager (Male) |
| 17:45 | Build | Stone Wall |
| 17:58 | Age | Castle Age |
| 18:05 | Build | Siege Workshop |
| 18:18 | Create | Villager (Male) |
| 18:21 | Build | Farm |
| 18:23 | Build | Farm |
| 18:24 | Build | Farm |
| 18:29 | Build | Monastery |
| 18:35 | Build | Farm |
| 18:38 | Build | Farm |
| 18:39 | Build | Farm |
| 18:40 | Research | Horse Collar |
| 18:45 | Create | Mangonel |
| 19:00 | Create | Monk |
| 19:10 | Build | Farm |
| 19:18 | Build | Farm |
| 19:43 | Build | Mining Camp |
| 19:50 | Create | Mangonel |
| 19:59 | Create | Villager (Male) |
| 20:00 | Create | Villager (Male) |
| 20:23 | Create | Villager (Male) |
| 20:24 | Create | Villager (Male) |
| 20:37 | Build | Town Center |
| 20:42 | Create | Villager (Male) |
| 21:06 | Build | House |
| 21:11 | Create | Villager (Male) |
| 21:12 | Create | Villager (Male) |
| 21:32 | Build | House |
| 22:00 | Build | Stone Wall |
| 22:05 | Build | Stone Wall |
| 22:10 | Build | Stone Wall |
| 22:13 | Create | Villager (Male) |
| 22:13 | Create | Villager (Male) |
| 22:16 | Build | Farm |
| 22:17 | Build | Farm |
| 22:17 | Build | Farm |
| 22:17 | Build | Farm |
| 22:17 | Build | Farm |
| 22:17 | Build | Farm |
| 22:21 | Create | Villager (Male) |
| 22:21 | Create | Villager (Male) |
| 22:24 | Build | Farm |
| 22:34 | Build | Stone Wall |
| 22:41 | Build | Castle |
| 22:56 | Create | Villager (Male) |
| 22:56 | Create | Villager (Male) |
| 23:06 | Build | Farm |
| 23:44 | Create | Villager (Male) |
| 23:45 | Create | Villager (Male) |
| 24:07 | Build | Farm |
| 24:13 | Build | Farm |
| 24:14 | Build | Farm |
| 24:17 | Create | Villager (Male) |
| 24:17 | Create | Villager (Male) |
| 24:18 | Create | Villager (Male) |
| 24:22 | Build | Farm |
| 24:24 | Build | Farm |
| 24:36 | Build | University |
| 24:42 | Build | Stone Wall |
| 25:41 | Research | Imperial Age |
| 25:55 | Research | Fortified Wall (upgrade) |
| 26:22 | Research | Chemistry |
| 26:32 | Create | Villager (Male) |
| 27:10 | Create | Villager (Male) |
| 27:47 | Research | Masonry |
| 28:51 | Age | Imperial Age |
| 28:54 | Create | Trebuchet (Packed) |
| 28:57 | Create | Bombard Cannon |
| 28:59 | Research | Conscription |
| 29:39 | Research | Siege Engineers |
| 29:58 | Create | Bombard Cannon |
| 30:03 | Create | Villager (Male) |
| 30:03 | Create | Villager (Male) |
| 30:04 | Create | Villager (Male) |
| 30:04 | Create | Villager (Male) |
| 30:04 | Create | Villager (Male) |
| 30:39 | Create | Bombard Cannon |
| 30:43 | Research | Fletching |
| 31:12 | Create | Villager (Male) |
| 31:13 | Create | Villager (Male) |
| 31:13 | Create | Villager (Male) |
| 31:15 | Research | Wheelbarrow |
Build order — campostorresjuandavid0
First 150 of 352 actions detected
| 0:02 | Create | Villager (Male) |
| 0:05 | Build | House |
| 0:07 | Build | House |
| 0:12 | Create | Villager (Male) |
| 0:12 | Create | Villager (Male) |
| 0:13 | Create | Villager (Male) |
| 1:32 | Create | Villager (Male) |
| 1:32 | Create | Villager (Male) |
| 1:46 | Build | Lumber Camp |
| 1:51 | Create | Villager (Male) |
| 1:51 | Create | Villager (Male) |
| 2:20 | Create | Villager (Male) |
| 2:20 | Create | Villager (Male) |
| 2:43 | Create | Villager (Male) |
| 3:17 | Create | Villager (Male) |
| 3:38 | Create | Villager (Male) |
| 3:55 | Build | House |
| 3:57 | Build | House |
| 4:11 | Build | House |
| 4:13 | Create | Villager (Male) |
| 4:33 | Create | Villager (Male) |
| 4:33 | Create | Villager (Male) |
| 4:42 | Build | Mill |
| 5:07 | Create | Villager (Male) |
| 5:08 | Create | Villager (Male) |
| 5:59 | Create | Villager (Male) |
| 6:00 | Create | Villager (Male) |
| 6:27 | Build | Farm |
| 6:36 | Build | Farm |
| 6:53 | Create | Villager (Male) |
| 6:53 | Create | Villager (Male) |
| 7:18 | Create | Villager (Male) |
| 7:19 | Create | Villager (Male) |
| 7:30 | Build | Farm |
| 7:30 | Build | Farm |
| 7:30 | Build | Farm |
| 7:46 | Build | Farm |
| 7:47 | Create | Villager (Male) |
| 8:58 | Create | Villager (Male) |
| 8:59 | Research | Feudal Age |
| 9:02 | Build | Mining Camp |
| 10:31 | Create | Villager (Male) |
| 10:31 | Create | Villager (Male) |
| 10:32 | Create | Villager (Male) |
| 10:32 | Create | Villager (Male) |
| 11:16 | Research | Loom |
| 11:33 | Age | Feudal Age |
| 11:37 | Build | Market |
| 11:40 | Build | Blacksmith |
| 11:43 | Research | Double-Bit Axe |
| 12:15 | Research | Loom |
| 12:52 | Research | Castle Age |
| 13:04 | Build | Mill |
| 13:15 | Research | Horse Collar |
| 14:17 | Research | Stone Mining |
| 14:35 | Create | Villager (Male) |
| 14:35 | Create | Villager (Male) |
| 14:35 | Create | Villager (Male) |
| 15:32 | Age | Castle Age |
| 15:40 | Build | Castle |
| 15:45 | Research | Bow Saw |
| 15:46 | Research | Heavy Plow |
| 16:38 | Research | Wheelbarrow |
| 17:22 | Create | Villager (Male) |
| 17:24 | Create | Villager (Male) |
| 17:27 | Build | Farm |
| 17:33 | Create | Mameluke |
| 17:50 | Build | Mill |
| 17:57 | Create | Mameluke |
| 17:58 | Create | Mameluke |
| 17:58 | Create | Mameluke |
| 18:12 | Create | Villager (Male) |
| 18:19 | Build | Mining Camp |
| 18:51 | Research | Gold Mining |
| 18:59 | Create | Mameluke |
| 19:00 | Create | Mameluke |
| 19:19 | Create | Villager (Male) |
| 19:19 | Create | Villager (Male) |
| 19:38 | Create | Petard |
| 19:38 | Create | Petard |
| 19:45 | Build | Outpost |
| 19:47 | Research | Town Watch |
| 19:51 | Build | Farm |
| 19:51 | Build | Farm |
| 19:51 | Build | Farm |
| 20:01 | Create | Villager (Male) |
| 20:12 | Build | Monastery |
| 20:31 | Build | Outpost |
| 20:39 | Create | Villager (Male) |
| 20:40 | Create | Villager (Male) |
| 20:43 | Build | Farm |
| 20:53 | Create | Monk |
| 21:54 | Create | Villager (Male) |
| 21:56 | Create | Villager (Male) |
| 22:22 | Build | Farm |
| 22:47 | Create | Monk |
| 22:50 | Create | Villager (Male) |
| 23:30 | Build | Farm |
| 23:34 | Build | Farm |
| 23:35 | Create | Villager (Male) |
| 23:41 | Research | Imperial Age |
| 23:59 | Create | Monk |
| 24:09 | Create | Mameluke |
| 24:09 | Create | Mameluke |
| 24:55 | Build | Barracks |
| 25:04 | Build | House |
| 25:06 | Build | House |
| 25:12 | Research | Scale Barding Armor |
| 25:14 | Research | Forging |
| 25:15 | Research | Scale Barding Armor |
| 25:47 | Create | Mameluke |
| 25:47 | Create | Mameluke |
| 25:47 | Create | Mameluke |
| 26:15 | Build | Stable |
| 26:51 | Create | Monk |
| 26:53 | Create | Mameluke |
| 26:55 | Research | Hand Cart |
| 27:10 | Age | Imperial Age |
| 27:12 | Create | Trebuchet (Packed) |
| 28:02 | Create | Trebuchet (Packed) |
| 28:04 | Create | Villager (Male) |
| 28:05 | Create | Villager (Male) |
| 28:21 | Build | House |
| 28:22 | Build | House |
| 28:25 | Research | Gold Shaft Mining |
| 29:00 | Create | Trebuchet (Packed) |
| 29:12 | Create | Trebuchet (Packed) |
| 29:13 | Create | Trebuchet (Packed) |
| 29:23 | Create | Villager (Male) |
| 29:24 | Create | Villager (Male) |
| 29:24 | Create | Villager (Male) |
| 29:24 | Create | Villager (Male) |
| 29:25 | Create | Villager (Male) |
| 29:53 | Research | Bloodlines |
| 29:54 | Research | Husbandry |
| 30:00 | Build | Town Center |
| 30:33 | Build | House |
| 30:35 | Build | House |
| 30:35 | Build | House |
| 30:36 | Build | House |
| 30:36 | Build | House |
| 30:36 | Build | House |
| 30:38 | Create | Villager (Male) |
| 30:38 | Create | Villager (Male) |
| 30:38 | Create | Villager (Male) |
| 30:38 | Create | Villager (Male) |
| 30:38 | Create | Villager (Male) |
| 30:39 | Create | Villager (Male) |
| 30:39 | Create | Villager (Male) |
| 31:03 | Create | Villager (Male) |
Build order — La Pieza Geek
First 150 of 379 actions detected
| 0:04 | Build | House |
| 0:09 | Build | House |
| 0:09 | Create | Villager (Male) |
| 0:09 | Create | Villager (Male) |
| 0:10 | Create | Villager (Male) |
| 0:10 | Create | Villager (Male) |
| 0:10 | Create | Villager (Male) |
| 0:10 | Create | Villager (Male) |
| 1:33 | Create | Villager (Male) |
| 2:19 | Create | Villager (Male) |
| 2:20 | Create | Villager (Male) |
| 2:23 | Build | Mill |
| 2:40 | Create | Villager (Male) |
| 3:01 | Create | Villager (Male) |
| 3:36 | Create | Villager (Male) |
| 3:37 | Research | Loom |
| 3:47 | Build | House |
| 4:14 | Create | Villager (Male) |
| 4:52 | Build | Lumber Camp |
| 4:54 | Create | Villager (Male) |
| 5:02 | Create | Villager (Male) |
| 5:43 | Create | Villager (Male) |
| 5:58 | Create | Villager (Male) |
| 6:21 | Build | House |
| 6:29 | Create | Villager (Male) |
| 6:56 | Create | Villager (Male) |
| 7:03 | Build | Mining Camp |
| 7:05 | Create | Villager (Male) |
| 7:37 | Create | Villager (Male) |
| 7:49 | Build | Mill |
| 8:05 | Create | Villager (Male) |
| 8:31 | Create | Villager (Male) |
| 8:43 | Build | House |
| 8:58 | Create | Villager (Male) |
| 9:19 | Build | Farm |
| 9:19 | Build | Farm |
| 9:25 | Create | Villager (Male) |
| 9:51 | Create | Villager (Male) |
| 10:09 | Build | Farm |
| 10:09 | Build | Farm |
| 10:23 | Create | Villager (Male) |
| 10:47 | Create | Villager (Male) |
| 10:55 | Build | House |
| 11:16 | Create | Villager (Male) |
| 11:29 | Research | Feudal Age |
| 12:40 | Create | Villager (Male) |
| 12:59 | Build | Mining Camp |
| 13:30 | Build | Farm |
| 13:31 | Build | Farm |
| 13:32 | Build | Farm |
| 13:33 | Build | Farm |
| 13:34 | Build | Farm |
| 13:41 | Age | Feudal Age |
| 13:41 | Build | Lumber Camp |
| 13:48 | Research | Double-Bit Axe |
| 14:07 | Create | Villager (Male) |
| 14:23 | Create | Villager (Male) |
| 14:42 | Build | Farm |
| 14:42 | Build | Farm |
| 14:43 | Build | Farm |
| 14:59 | Create | Villager (Male) |
| 15:02 | Create | Villager (Male) |
| 15:18 | Build | House |
| 15:23 | Build | Market |
| 15:30 | Create | Villager (Male) |
| 15:40 | Build | Farm |
| 15:42 | Build | Farm |
| 15:58 | Build | Farm |
| 15:59 | Build | Farm |
| 16:10 | Create | Villager (Male) |
| 16:41 | Create | Villager (Male) |
| 16:53 | Build | Blacksmith |
| 17:00 | Build | House |
| 17:07 | Create | Villager (Male) |
| 17:16 | Create | Villager (Male) |
| 17:36 | Research | Castle Age |
| 17:57 | Create | Villager (Male) |
| 18:07 | Build | Barracks |
| 18:19 | Research | Forging |
| 18:23 | Research | Gold Mining |
| 18:43 | Build | House |
| 19:00 | Research | Scale Barding Armor |
| 19:09 | Research | Stone Mining |
| 19:34 | Create | Spearman |
| 19:34 | Create | Spearman |
| 19:35 | Create | Spearman |
| 20:16 | Age | Castle Age |
| 20:21 | Build | Town Center |
| 20:24 | Create | Villager (Male) |
| 20:38 | Build | Town Center |
| 20:43 | Create | Villager (Male) |
| 20:44 | Create | Villager (Male) |
| 21:17 | Build | Stable |
| 21:21 | Build | Stable |
| 21:41 | Create | Villager (Male) |
| 21:43 | Research | Wheelbarrow |
| 21:49 | Create | Villager (Male) |
| 21:50 | Create | Villager (Male) |
| 21:50 | Create | Villager (Male) |
| 21:54 | Create | Villager (Male) |
| 21:54 | Create | Villager (Male) |
| 21:54 | Create | Villager (Male) |
| 21:57 | Build | Farm |
| 21:58 | Build | Farm |
| 21:58 | Build | Farm |
| 21:58 | Build | Farm |
| 22:21 | Build | House |
| 22:26 | Research | Husbandry |
| 22:27 | Create | Knight ×5 |
| 22:43 | Create | Villager (Male) |
| 22:49 | Build | Farm |
| 22:50 | Build | Farm |
| 22:53 | Create | Villager (Male) |
| 23:01 | Build | House |
| 23:05 | Create | Villager (Male) |
| 23:18 | Build | Farm |
| 23:18 | Build | Farm |
| 23:20 | Build | Farm |
| 23:24 | Create | Villager (Male) |
| 23:28 | Create | Villager (Male) |
| 23:29 | Create | Villager (Male) |
| 23:29 | Create | Villager (Male) |
| 23:36 | Build | House |
| 23:51 | Create | Knight |
| 23:51 | Create | Knight |
| 23:51 | Create | Knight |
| 23:51 | Create | Knight |
| 24:03 | Create | Spearman |
| 24:04 | Create | Spearman |
| 24:04 | Create | Spearman |
| 24:13 | Create | Villager (Male) |
| 24:14 | Create | Villager (Male) |
| 24:14 | Create | Villager (Male) |
| 24:25 | Build | Siege Workshop |
| 24:31 | Build | Farm |
| 24:32 | Build | Farm |
| 24:34 | Build | Farm |
| 24:40 | Create | Villager (Male) |
| 24:40 | Create | Villager (Male) |
| 24:41 | Create | Villager (Male) |
| 24:48 | Create | Villager (Male) |
| 24:52 | Build | Farm |
| 24:55 | Create | Villager (Male) |
| 25:14 | Build | House |
| 25:38 | Create | Villager (Male) |
| 25:41 | Create | Villager (Male) |
| 25:41 | Create | Villager (Male) |
| 25:45 | Build | Farm |
| 25:46 | Build | Farm |
| 25:46 | Build | Farm |
Build order — Mnsterf
First 150 of 264 actions detected
| 0:03 | Create | Villager (Male) |
| 0:03 | Create | Villager (Male) |
| 0:04 | Create | Villager (Male) |
| 0:04 | Create | Villager (Male) |
| 0:04 | Create | Villager (Male) |
| 0:12 | Build | House |
| 0:18 | Build | House |
| 1:52 | Create | Villager (Male) |
| 2:26 | Build | Lumber Camp |
| 2:31 | Build | House |
| 2:50 | Create | Villager (Male) |
| 2:50 | Create | Villager (Male) |
| 3:55 | Build | House |
| 4:15 | Create | Villager (Male) |
| 4:15 | Create | Villager (Male) |
| 4:15 | Create | Villager (Male) |
| 5:34 | Create | Villager (Male) |
| 6:05 | Create | Villager (Male) |
| 6:05 | Create | Villager (Male) |
| 6:05 | Create | Villager (Male) |
| 6:05 | Create | Villager (Male) |
| 6:05 | Create | Villager (Male) |
| 6:56 | Create | Villager (Male) |
| 7:14 | Build | Mill |
| 7:30 | Create | Villager (Male) |
| 7:31 | Create | Villager (Male) |
| 7:32 | Create | Villager (Male) |
| 8:14 | Create | Villager (Male) |
| 8:37 | Build | Mill |
| 9:43 | Build | Mining Camp |
| 9:48 | Research | Feudal Age |
| 10:14 | Create | Villager (Male) |
| 12:00 | Age | Feudal Age |
| 12:02 | Research | Double-Bit Axe |
| 12:06 | Research | Horse Collar |
| 12:26 | Build | Farm |
| 12:28 | Build | Farm |
| 12:30 | Build | Farm |
| 12:32 | Build | Farm |
| 12:34 | Build | Farm |
| 12:37 | Build | Farm |
| 12:40 | Build | Farm |
| 12:44 | Build | Farm |
| 13:33 | Research | Castle Age |
| 13:56 | Create | Villager (Male) |
| 14:00 | Create | Villager (Male) |
| 14:08 | Create | Villager (Male) |
| 14:28 | Build | Farm |
| 14:29 | Build | Farm |
| 14:30 | Build | Farm |
| 14:31 | Build | Farm |
| 14:49 | Build | Farm |
| 14:54 | Build | Farm |
| 15:52 | Build | House |
| 15:54 | Build | House |
| 15:55 | Build | House |
| 15:57 | Build | House |
| 16:02 | Build | Blacksmith |
| 16:13 | Age | Castle Age |
| 16:24 | Research | Bow Saw |
| 17:05 | Create | Villager (Male) |
| 17:06 | Create | Villager (Male) |
| 17:07 | Create | Villager (Male) |
| 17:10 | Research | Heavy Plow |
| 17:43 | Create | Villager (Male) |
| 17:43 | Create | Villager (Male) |
| 17:45 | Create | Villager (Male) |
| 18:10 | Build | Town Center |
| 18:47 | Build | Stable |
| 18:48 | Build | Stable |
| 19:09 | Build | House |
| 19:10 | Build | House |
| 19:12 | Build | House |
| 19:18 | Build | House |
| 19:32 | Create | Villager (Male) |
| 19:32 | Create | Villager (Male) |
| 19:32 | Create | Villager (Male) |
| 19:34 | Create | Villager (Male) |
| 19:52 | Build | Monastery |
| 20:05 | Build | Stable |
| 20:20 | Create | Villager (Male) |
| 20:21 | Create | Villager (Male) |
| 20:21 | Create | Villager (Male) |
| 20:21 | Create | Villager (Male) |
| 20:22 | Create | Villager (Male) |
| 20:25 | Create | Villager (Male) |
| 20:25 | Create | Villager (Male) |
| 20:45 | Build | Siege Workshop |
| 20:46 | Build | Siege Workshop |
| 20:48 | Build | Siege Workshop |
| 20:50 | Build | Siege Workshop |
| 20:52 | Build | Siege Workshop |
| 20:54 | Build | Siege Workshop |
| 20:57 | Build | Siege Workshop |
| 20:58 | Build | Siege Workshop |
| 20:59 | Build | Siege Workshop |
| 21:01 | Build | Siege Workshop |
| 21:03 | Build | Siege Workshop |
| 21:05 | Build | Siege Workshop |
| 21:06 | Build | Siege Workshop |
| 21:15 | Create | Battle Elephant ×5 |
| 21:33 | Create | Villager (Male) |
| 21:34 | Create | Villager (Male) |
| 21:39 | Create | Villager (Male) |
| 22:17 | Create | Battle Elephant |
| 23:12 | Create | Villager (Male) |
| 23:12 | Create | Villager (Male) |
| 23:12 | Create | Villager (Male) |
| 23:13 | Create | Villager (Male) |
| 23:13 | Create | Villager (Male) |
| 23:23 | Create | Villager (Male) |
| 23:24 | Create | Villager (Male) |
| 23:24 | Create | Villager (Male) |
| 23:30 | Create | Monk |
| 23:44 | Create | Villager (Male) |
| 23:45 | Create | Villager (Male) |
| 23:58 | Create | Scorpion |
| 25:16 | Create | Scorpion ×2 |
| 25:17 | Create | Scorpion |
| 25:33 | Research | Forging |
| 25:33 | Research | Scale Mail Armor |
| 25:34 | Research | Scale Barding Armor |
| 25:40 | Create | Villager (Male) |
| 25:56 | Create | Villager (Male) |
| 26:04 | Build | Farm |
| 26:05 | Build | Farm |
| 26:11 | Build | Farm |
| 26:56 | Create | Scorpion ×4 |
| 27:05 | Create | Villager (Male) |
| 27:06 | Create | Villager (Male) |
| 27:19 | Build | House |
| 27:20 | Build | House |
| 27:21 | Build | House |
| 27:22 | Build | House |
| 27:24 | Build | House |
| 27:25 | Build | House |
| 27:27 | Build | House |
| 27:28 | Build | House |
| 27:29 | Build | House |
| 27:31 | Build | House |
| 27:31 | Build | House |
| 27:38 | Build | Lumber Camp |
| 27:44 | Create | Villager (Male) |
| 27:44 | Create | Villager (Male) |
| 27:46 | Create | Villager (Male) |
| 27:47 | Create | Villager (Male) |
| 27:47 | Create | Villager (Male) |
| 27:47 | Create | Villager (Male) |
| 29:51 | Build | Farm |
| 29:52 | Build | Farm |
Build order — jaiderreyes4
First 150 of 369 actions detected
| 0:00 | Create | Villager (Male) |
| 0:01 | Create | Villager (Male) |
| 0:02 | Build | House |
| 0:04 | Build | House |
| 0:07 | Build | House |
| 0:16 | Create | Villager (Male) |
| 0:17 | Create | Villager (Male) |
| 0:17 | Create | Villager (Male) |
| 1:33 | Create | Villager (Male) |
| 1:33 | Create | Villager (Male) |
| 1:59 | Create | Villager (Male) |
| 1:59 | Create | Villager (Male) |
| 2:18 | Create | Villager (Male) |
| 2:19 | Create | Villager (Male) |
| 2:35 | Build | Lumber Camp |
| 2:40 | Create | Villager (Male) |
| 2:41 | Create | Villager (Male) |
| 2:59 | Create | Villager (Male) |
| 3:00 | Create | Villager (Male) |
| 3:41 | Create | Villager (Male) |
| 3:49 | Build | House |
| 4:00 | Create | Villager (Male) |
| 4:28 | Create | Villager (Male) |
| 4:29 | Create | Villager (Male) |
| 4:29 | Create | Villager (Male) |
| 5:28 | Create | Villager (Male) |
| 5:55 | Build | House |
| 6:14 | Create | Villager (Male) |
| 6:14 | Create | Villager (Male) |
| 6:14 | Create | Villager (Male) |
| 6:15 | Create | Villager (Male) |
| 6:15 | Create | Villager (Male) |
| 6:41 | Create | Villager (Male) |
| 7:01 | Build | Mill |
| 7:12 | Build | Mill |
| 7:39 | Create | Villager (Male) |
| 8:11 | Research | Feudal Age |
| 8:34 | Create | Villager (Male) |
| 8:42 | Build | Mining Camp |
| 10:21 | Build | House |
| 10:50 | Create | Villager (Male) |
| 10:56 | Age | Feudal Age |
| 11:00 | Build | Blacksmith |
| 11:20 | Build | House |
| 11:21 | Create | Villager (Male) |
| 11:46 | Create | Villager (Male) |
| 11:51 | Build | Market |
| 12:12 | Create | Villager (Male) |
| 12:24 | Research | Castle Age |
| 12:24 | Research | Castle Age |
| 12:27 | Research | Double-Bit Axe |
| 12:27 | Research | Double-Bit Axe |
| 13:03 | Research | Horse Collar |
| 13:03 | Research | Horse Collar |
| 13:52 | Build | Farm |
| 13:55 | Build | Farm |
| 14:03 | Build | Farm |
| 14:36 | Create | Villager (Male) |
| 14:37 | Create | Villager (Male) |
| 15:17 | Age | Castle Age |
| 15:21 | Build | Town Center |
| 15:24 | Build | Town Center |
| 15:26 | Create | Villager (Male) |
| 15:41 | Build | House |
| 15:44 | Create | Villager (Male) |
| 15:56 | Research | Heavy Plow |
| 16:04 | Create | Villager (Male) |
| 16:09 | Build | Farm |
| 16:12 | Build | Farm |
| 16:25 | Create | Villager (Male) |
| 16:26 | Create | Villager (Male) |
| 16:31 | Create | Villager (Male) |
| 16:31 | Create | Villager (Male) |
| 16:34 | Research | Loom |
| 16:34 | Research | Loom |
| 16:37 | Build | Farm |
| 16:41 | Build | Farm |
| 16:43 | Build | Farm |
| 16:45 | Build | Farm |
| 16:54 | Build | Farm |
| 17:07 | Build | Farm |
| 17:10 | Create | Villager (Male) |
| 17:34 | Create | Villager (Male) |
| 17:38 | Create | Villager (Male) |
| 17:38 | Create | Villager (Male) |
| 17:39 | Create | Villager (Male) |
| 17:43 | Build | Farm |
| 17:47 | Build | Farm |
| 17:50 | Build | Farm |
| 17:55 | Build | Farm |
| 18:00 | Create | Villager (Male) |
| 18:07 | Build | Farm |
| 18:09 | Create | Villager (Male) |
| 18:20 | Create | Villager (Male) |
| 18:27 | Create | Villager (Male) |
| 18:28 | Create | Villager (Male) |
| 18:35 | Create | Villager (Male) |
| 18:48 | Build | House |
| 18:49 | Build | House |
| 18:50 | Build | House |
| 19:02 | Create | Villager (Male) |
| 19:02 | Create | Villager (Male) |
| 19:02 | Create | Villager (Male) |
| 19:24 | Create | Villager (Male) |
| 19:25 | Create | Villager (Male) |
| 19:26 | Create | Villager (Male) |
| 19:37 | Build | Town Center |
| 19:38 | Create | Villager (Male) |
| 19:38 | Create | Villager (Male) |
| 19:38 | Create | Villager (Male) |
| 19:50 | Create | Villager (Male) |
| 20:06 | Build | Farm |
| 20:10 | Create | Villager (Male) |
| 20:11 | Create | Villager (Male) |
| 20:11 | Create | Villager (Male) |
| 20:16 | Create | Villager (Male) |
| 20:16 | Create | Villager (Male) |
| 20:24 | Build | House |
| 20:27 | Build | University |
| 20:30 | Build | Monastery |
| 20:32 | Create | Villager (Male) |
| 20:33 | Create | Villager (Male) |
| 20:45 | Research | Gold Mining |
| 20:45 | Research | Gold Mining |
| 20:57 | Research | Bow Saw |
| 20:57 | Research | Bow Saw |
| 21:10 | Create | Villager (Male) |
| 21:10 | Create | Villager (Male) |
| 21:24 | Build | Farm |
| 21:25 | Build | Farm |
| 21:27 | Create | Villager (Male) |
| 21:28 | Create | Villager (Male) |
| 21:28 | Create | Villager (Male) |
| 21:28 | Create | Villager (Male) |
| 21:33 | Create | Villager (Male) |
| 21:34 | Create | Villager (Male) |
| 21:34 | Create | Villager (Male) |
| 21:56 | Research | Stone Mining |
| 21:56 | Research | Stone Mining |
| 21:57 | Create | Villager (Male) |
| 21:57 | Create | Villager (Male) |
| 22:02 | Create | Villager (Male) |
| 22:02 | Create | Villager (Male) |
| 22:02 | Create | Villager (Male) |
| 22:03 | Create | Villager (Male) |
| 22:21 | Research | Wheelbarrow |
| 22:21 | Research | Wheelbarrow |
| 22:26 | Build | House |
| 22:30 | Create | Villager (Male) |
| 22:30 | Create | Villager (Male) |
Build order — Boris the Beast
First 150 of 272 actions detected
| 0:01 | Create | Villager (Male) ×4 |
| 0:02 | Create | Villager (Male) ×4 |
| 0:04 | Build | House |
| 0:06 | Build | House |
| 1:30 | Create | Villager (Male) |
| 2:01 | Research | Loom |
| 2:04 | Create | Villager (Male) |
| 2:31 | Create | Villager (Male) |
| 3:08 | Create | Villager (Male) |
| 3:18 | Build | House |
| 3:28 | Create | Villager (Male) |
| 3:28 | Create | Villager (Male) |
| 3:33 | Build | House |
| 3:34 | Build | House |
| 3:46 | Build | Lumber Camp |
| 3:50 | Create | Villager (Male) |
| 3:50 | Create | Villager (Male) |
| 4:16 | Create | Villager (Male) |
| 4:17 | Create | Villager (Male) |
| 4:46 | Create | Villager (Male) |
| 4:46 | Create | Villager (Male) |
| 4:57 | Build | Mill |
| 5:23 | Create | Villager (Male) |
| 5:23 | Create | Villager (Male) |
| 5:58 | Create | Villager (Male) |
| 5:58 | Create | Villager (Male) |
| 6:40 | Create | Villager (Male) |
| 6:59 | Build | Mill |
| 7:12 | Create | Villager (Male) |
| 7:13 | Create | Villager (Male) |
| 7:29 | Create | Villager (Male) |
| 7:30 | Create | Villager (Male) |
| 7:30 | Create | Villager (Male) |
| 9:29 | Research | Feudal Age |
| 9:43 | Build | House |
| 9:45 | Build | House |
| 10:23 | Create | Villager (Male) |
| 10:23 | Create | Villager (Male) |
| 10:57 | Build | Farm |
| 10:58 | Build | Farm |
| 11:00 | Build | Farm |
| 11:03 | Build | Farm |
| 11:03 | Build | Farm |
| 11:05 | Build | Farm |
| 11:27 | Build | Farm |
| 11:31 | Build | Farm |
| 11:34 | Create | Villager (Male) |
| 11:34 | Create | Villager (Male) |
| 11:39 | Age | Feudal Age |
| 11:41 | Research | Horse Collar |
| 11:44 | Research | Double-Bit Axe |
| 12:16 | Build | Blacksmith |
| 12:20 | Create | Villager (Male) |
| 12:21 | Create | Villager (Male) |
| 13:01 | Build | Mining Camp |
| 13:12 | Create | Villager (Male) |
| 13:35 | Research | Gold Mining |
| 13:47 | Build | Farm |
| 14:21 | Build | Market |
| 14:32 | Create | Villager (Male) |
| 15:41 | Research | Castle Age |
| 15:47 | Build | Barracks |
| 15:50 | Research | Scale Barding Armor |
| 15:51 | Research | Forging |
| 16:04 | Build | Mining Camp |
| 16:12 | Research | Fletching |
| 16:35 | Build | House |
| 16:36 | Build | House |
| 16:52 | Research | Stone Mining |
| 17:17 | Create | Villager (Male) |
| 17:18 | Create | Villager (Male) |
| 17:27 | Build | Stable |
| 17:40 | Create | Villager (Male) |
| 17:50 | Build | Palisade Wall |
| 17:55 | Create | Spearman |
| 17:55 | Create | Spearman |
| 18:13 | Create | Villager (Male) |
| 18:15 | Create | Villager (Male) |
| 18:21 | Age | Castle Age |
| 18:23 | Create | Knight |
| 18:24 | Create | Knight |
| 18:46 | Build | Siege Workshop |
| 19:02 | Create | Villager (Male) |
| 19:03 | Create | Villager (Male) |
| 19:16 | Create | Villager (Male) |
| 19:39 | Build | Town Center |
| 19:49 | Create | Scorpion |
| 20:06 | Research | Pikeman (upgrade) |
| 20:18 | Create | Villager (Male) |
| 20:33 | Create | Knight |
| 20:57 | Create | Villager (Male) |
| 21:08 | Build | Monastery |
| 21:10 | Create | Villager (Male) |
| 21:10 | Create | Villager (Male) |
| 21:20 | Build | House |
| 21:22 | Build | House |
| 21:50 | Create | Villager (Male) |
| 21:51 | Create | Villager (Male) |
| 21:51 | Create | Villager (Male) |
| 21:58 | Create | Monk |
| 22:17 | Build | Town Center |
| 22:18 | Create | Villager (Male) |
| 22:49 | Create | Scout Cavalry |
| 22:49 | Create | Scout Cavalry |
| 24:41 | Create | Villager (Male) |
| 24:41 | Create | Villager (Male) |
| 24:41 | Create | Villager (Male) |
| 24:41 | Create | Villager (Male) |
| 24:42 | Create | Villager (Male) |
| 24:45 | Create | Villager (Male) |
| 25:04 | Create | Scorpion |
| 25:04 | Create | Scorpion |
| 25:05 | Create | Mangonel |
| 25:05 | Create | Mangonel |
| 25:11 | Create | Knight |
| 25:11 | Create | Knight |
| 25:44 | Build | Farm |
| 25:50 | Build | Farm |
| 25:52 | Build | Farm |
| 25:53 | Build | Farm |
| 25:54 | Build | Farm |
| 25:55 | Build | Farm |
| 26:09 | Build | Castle |
| 26:21 | Build | House |
| 26:22 | Build | House |
| 26:23 | Build | House |
| 26:24 | Build | House |
| 26:38 | Build | Castle |
| 27:05 | Create | Villager (Male) |
| 27:05 | Create | Villager (Male) |
| 27:07 | Research | Wheelbarrow |
| 27:09 | Research | Heavy Plow |
| 27:20 | Create | Villager (Male) |
| 27:44 | Research | Ironclad |
| 27:45 | Create | Teutonic Knight |
| 27:45 | Create | Teutonic Knight |
| 27:53 | Build | Stable |
| 27:54 | Build | Stable |
| 27:57 | Create | Villager (Male) |
| 27:57 | Create | Villager (Male) |
| 28:21 | Create | Knight ×2 |
| 28:30 | Build | Mining Camp |
| 28:39 | Create | Petard |
| 28:39 | Create | Petard |
| 28:43 | Create | Knight |
| 29:05 | Build | Farm |
| 29:07 | Build | Farm |
| 29:08 | Build | Farm |
| 29:09 | Build | Farm |
| 29:17 | Research | Bloodlines |
Build order — JLGerena
First 150 of 356 actions detected
| 0:12 | Build | House |
| 0:15 | Create | Villager (Male) |
| 0:15 | Create | Villager (Male) |
| 0:15 | Create | Villager (Male) |
| 0:16 | Create | Villager (Male) |
| 0:16 | Create | Villager (Male) |
| 1:03 | Build | House |
| 1:05 | Build | House |
| 1:07 | Build | House |
| 1:20 | Research | Loom |
| 1:44 | Create | Villager (Male) |
| 1:45 | Create | Villager (Male) |
| 2:26 | Build | Lumber Camp |
| 2:30 | Create | Villager (Male) |
| 2:30 | Create | Villager (Male) |
| 2:38 | Create | Villager (Male) |
| 3:18 | Create | Villager (Male) |
| 3:18 | Create | Villager (Male) |
| 3:34 | Create | Villager (Male) |
| 3:35 | Create | Villager (Male) |
| 3:59 | Create | Villager (Male) |
| 4:00 | Create | Villager (Male) |
| 4:31 | Create | Villager (Male) |
| 4:31 | Create | Villager (Male) |
| 4:49 | Create | Villager (Male) |
| 4:49 | Create | Villager (Male) |
| 5:20 | Build | Mill |
| 5:24 | Create | Villager (Male) |
| 5:25 | Create | Villager (Male) |
| 5:25 | Create | Villager (Male) |
| 6:08 | Create | Villager (Male) |
| 6:08 | Create | Villager (Male) |
| 6:28 | Create | Villager (Male) |
| 6:28 | Create | Villager (Male) |
| 6:36 | Build | Mill |
| 6:53 | Create | Villager (Male) |
| 6:53 | Create | Villager (Male) |
| 7:41 | Create | Villager (Male) |
| 7:42 | Create | Villager (Male) |
| 8:20 | Create | Villager (Male) |
| 8:20 | Create | Villager (Male) |
| 8:22 | Create | Villager (Male) |
| 8:23 | Create | Villager (Male) |
| 8:23 | Create | Villager (Male) |
| 9:15 | Build | House |
| 9:16 | Build | House |
| 9:17 | Build | House |
| 9:18 | Build | House |
| 9:20 | Build | House |
| 9:43 | Research | Feudal Age |
| 9:43 | Research | Feudal Age |
| 10:06 | Build | Mining Camp |
| 10:22 | Build | House |
| 10:22 | Build | House |
| 10:23 | Build | House |
| 10:55 | Create | Villager (Male) |
| 10:55 | Create | Villager (Male) |
| 10:55 | Create | Villager (Male) |
| 10:55 | Create | Villager (Male) |
| 10:56 | Create | Villager (Male) |
| 11:53 | Age | Feudal Age |
| 11:56 | Build | Market |
| 11:59 | Build | Blacksmith |
| 12:40 | Create | Villager (Male) |
| 12:40 | Create | Villager (Male) |
| 13:08 | Create | Villager (Male) |
| 13:34 | Build | Farm |
| 13:34 | Build | Farm |
| 13:35 | Build | Farm |
| 13:35 | Build | Farm |
| 13:35 | Build | Farm |
| 14:15 | Create | Villager (Male) |
| 14:15 | Create | Villager (Male) |
| 14:59 | Research | Castle Age |
| 15:12 | Build | Farm |
| 15:12 | Build | Farm |
| 15:13 | Build | Farm |
| 15:35 | Research | Double-Bit Axe |
| 15:35 | Research | Double-Bit Axe |
| 15:39 | Research | Horse Collar |
| 17:05 | Create | Villager (Male) |
| 17:05 | Create | Villager (Male) |
| 17:05 | Create | Villager (Male) |
| 17:06 | Create | Villager (Male) |
| 17:06 | Create | Villager (Male) |
| 17:07 | Create | Villager (Male) |
| 17:53 | Age | Castle Age |
| 17:56 | Research | Bow Saw |
| 18:03 | Build | Town Center |
| 18:32 | Build | Farm |
| 18:33 | Build | Farm |
| 18:33 | Build | Farm |
| 18:33 | Build | Farm |
| 18:33 | Build | Farm |
| 18:37 | Build | Farm |
| 18:37 | Build | Farm |
| 19:10 | Research | Heavy Plow |
| 19:25 | Create | Villager (Male) |
| 19:25 | Create | Villager (Male) |
| 19:25 | Create | Villager (Male) |
| 19:25 | Create | Villager (Male) |
| 19:26 | Create | Villager (Male) |
| 19:26 | Create | Villager (Male) |
| 19:33 | Create | Villager (Male) |
| 19:57 | Build | Town Center |
| 21:03 | Build | Farm |
| 21:04 | Build | Farm |
| 21:08 | Build | Farm |
| 21:10 | Build | Farm |
| 21:12 | Build | Farm |
| 21:13 | Build | Farm |
| 21:22 | Create | Villager (Male) |
| 21:22 | Create | Villager (Male) |
| 21:23 | Create | Villager (Male) |
| 21:23 | Create | Villager (Male) |
| 21:23 | Create | Villager (Male) |
| 21:23 | Create | Villager (Male) |
| 21:24 | Create | Villager (Male) |
| 21:24 | Create | Villager (Male) |
| 21:24 | Create | Villager (Male) |
| 21:29 | Create | Villager (Male) |
| 21:30 | Create | Villager (Male) |
| 21:41 | Build | University |
| 21:44 | Build | House |
| 21:45 | Build | House |
| 21:46 | Build | House |
| 22:05 | Research | Wheelbarrow |
| 22:06 | Research | Wheelbarrow |
| 22:14 | Create | Villager (Male) |
| 22:14 | Create | Villager (Male) |
| 22:16 | Create | Villager (Male) |
| 22:17 | Create | Villager (Male) |
| 22:26 | Create | Villager (Male) |
| 22:38 | Create | Villager (Male) |
| 22:38 | Create | Villager (Male) |
| 22:38 | Create | Villager (Male) |
| 22:44 | Create | Villager (Male) |
| 22:44 | Create | Villager (Male) |
| 23:03 | Build | House |
| 23:03 | Build | House |
| 23:05 | Build | House |
| 23:07 | Build | House |
| 23:07 | Build | House |
| 23:09 | Build | House |
| 23:10 | Build | House |
| 23:12 | Build | House |
| 23:18 | Build | Monastery |
| 23:27 | Create | Villager (Male) |
| 23:27 | Create | Villager (Male) |
| 23:27 | Create | Villager (Male) |
Match timeline
| 10:56 | jaiderreyes4 · age_up feudal |
| 11:33 | campostorresjuandavid0 · age_up feudal |
| 11:39 | Boris the Beast · age_up feudal |
| 11:39 | Steve the Thief · first_building Barracks |
| 11:53 | JLGerena · age_up feudal |
| 11:55 | Steve the Thief · age_up feudal |
| 12:00 | Mnsterf · age_up feudal |
| 12:25 | Roger the Legend · age_up feudal |
| 12:46 | campostorresjuandavid0 · first_market_sell 100 wood |
| 12:50 | campostorresjuandavid0 · first_market_buy 100 food |
| 13:41 | La Pieza Geek · age_up feudal |
| 14:56 | Roger the Legend · first_building Barracks |
| 15:17 | jaiderreyes4 · age_up castle |
| 15:32 | campostorresjuandavid0 · age_up castle |
| 15:40 | campostorresjuandavid0 · first_building Castle |
| 15:47 | Boris the Beast · first_building Barracks |
| 15:54 | jaiderreyes4 · first_market_buy 100 food |
| 15:55 | Roger the Legend · first_market_buy 100 food |
| 15:58 | Roger the Legend · first_market_sell 100 wood |
| 16:13 | Mnsterf · age_up castle |
| 16:43 | Steve the Thief · wall_segment Stone Wall x6 |
| 16:50 | Roger the Legend · first_building Archery Range |
| 16:52 | Steve the Thief · wall_segment Stone Wall x5 |
| 17:27 | Boris the Beast · first_building Stable |
| 17:28 | jaiderreyes4 · first_market_sell 100 wood |
| 17:45 | Steve the Thief · wall_segment Stone Wall x8 |
| 17:50 | Boris the Beast · wall_segment Palisade Wall x1 |
| 17:53 | JLGerena · age_up castle |
| 17:58 | Steve the Thief · age_up castle |
| 18:05 | Steve the Thief · first_building Siege Workshop |
| 18:07 | La Pieza Geek · first_building Barracks |
| 18:21 | Boris the Beast · age_up castle |
| 18:29 | Steve the Thief · first_building Monastery |
| 18:46 | Boris the Beast · first_building Siege Workshop |
| 18:47 | Mnsterf · first_building Stable |
| 19:15 | Roger the Legend · age_up castle |
| 19:52 | Mnsterf · first_building Monastery |
| 20:12 | campostorresjuandavid0 · first_building Monastery |
| 20:16 | La Pieza Geek · age_up castle |
| 20:30 | jaiderreyes4 · first_building Monastery |
| 20:45 | Mnsterf · first_building Siege Workshop |
| 21:08 | Boris the Beast · first_building Monastery |
| 21:17 | La Pieza Geek · first_building Stable |
| 22:00 | Steve the Thief · wall_segment Stone Wall x1 |
| 22:05 | Steve the Thief · wall_segment Stone Wall x1 |
| 22:10 | Steve the Thief · wall_segment Stone Wall x1 |
| 22:34 | Steve the Thief · wall_segment Stone Wall x1 |
| 22:41 | Steve the Thief · first_building Castle |
| 22:50 | Roger the Legend · first_building Monastery |
| 23:18 | JLGerena · first_building Monastery |
| 24:25 | La Pieza Geek · first_building Siege Workshop |
| 24:42 | Steve the Thief · wall_segment Stone Wall x4 |
| 24:55 | campostorresjuandavid0 · first_building Barracks |
| 25:17 | jaiderreyes4 · first_building Castle |
| 25:18 | Steve the Thief · first_market_sell 100 wood |
| 25:21 | Steve the Thief · first_market_buy 100 food |
| 25:32 | JLGerena · tribute_sent a jugador 1 |
| 25:32 | JLGerena · tribute_sent a jugador 2 |
| 25:32 | JLGerena · tribute_sent a jugador 3 |
| 25:32 | JLGerena · tribute_sent a jugador 4 |
| 25:32 | JLGerena · tribute_sent a jugador 5 |
| 25:32 | JLGerena · tribute_sent a jugador 6 |
| 25:32 | JLGerena · tribute_sent a jugador 7 |
| 25:46 | Roger the Legend · tribute_sent a jugador 1 |
| 25:46 | Roger the Legend · tribute_sent a jugador 2 |
| 25:46 | Roger the Legend · tribute_sent a jugador 4 |
| 25:46 | Roger the Legend · tribute_sent a jugador 5 |
| 25:46 | Roger the Legend · tribute_sent a jugador 6 |
| 25:46 | Roger the Legend · tribute_sent a jugador 7 |
| 25:46 | Roger the Legend · tribute_sent a jugador 8 |
| 26:09 | Boris the Beast · first_building Castle |
| 26:15 | campostorresjuandavid0 · first_building Stable |
| 26:15 | jaiderreyes4 · first_building Siege Workshop |
| 27:10 | campostorresjuandavid0 · age_up imperial |
| 28:51 | Steve the Thief · age_up imperial |
| 29:03 | JLGerena · first_building Castle |
| 29:09 | jaiderreyes4 · age_up imperial |
| 29:35 | jaiderreyes4 · first_building Barracks |
| 29:49 | JLGerena · first_building Barracks |
| 30:03 | jaiderreyes4 · first_building Archery Range |
| 30:14 | Roger the Legend · first_building Castle |
| 30:19 | La Pieza Geek · first_building Monastery |
| 31:52 | Roger the Legend · age_up imperial |
| 32:06 | Boris the Beast · first_market_buy 100 food |
| 32:17 | JLGerena · age_up imperial |
| 32:44 | Steve the Thief · first_building Archery Range |
| 33:07 | Roger the Legend · first_building Siege Workshop |
| 33:53 | Steve the Thief · tribute_sent a jugador 2 |
| 33:53 | Steve the Thief · tribute_sent a jugador 3 |
| 33:53 | Steve the Thief · tribute_sent a jugador 4 |
| 33:53 | Steve the Thief · tribute_sent a jugador 5 |
| 33:53 | Steve the Thief · tribute_sent a jugador 6 |
| 33:53 | Steve the Thief · tribute_sent a jugador 7 |
| 33:53 | Steve the Thief · tribute_sent a jugador 8 |
| 34:58 | La Pieza Geek · age_up imperial |
| 35:11 | Mnsterf · first_building Castle |
| 37:06 | Mnsterf · age_up imperial |
| 37:12 | jaiderreyes4 · first_building Stable |
| 37:15 | Boris the Beast · first_building Archery Range |
| 37:42 | campostorresjuandavid0 · first_building Siege Workshop |
| 38:18 | La Pieza Geek · first_building Castle |
| 39:06 | Boris the Beast · resign |
| 39:37 | La Pieza Geek · first_building Archery Range |
| 42:08 | La Pieza Geek · first_market_sell 500 wood |
[ AI ANALYSIS · 1 CREDIT ]
What really happened in this match?
Wolo.gg analyzes every decision: build order, eco, micro, common mistakes by bracket. Personalized analysis on WhatsApp or Discord in 30 seconds.
Civ guide
Britons
Perfil
Jugador #3057993